Map: Sanctuary III LE

Players

Gnesh

  • Race: Zerg Zerg
  • League: Diamond

Altik - Winner!

  • Race: Protoss Protoss
  • League: Diamond

VOD

Have the link to the VOD?

Description

Time

  • Played on: Aug. 6, 2026, 11:04 a.m.
  • Length: 13:55
Show
View Real Time Build Order
Export as new Build Order

Gnesh Zerg 

Build Orders: Hatch First 

Get SALT Encoding   

  8  0:00  Drone  
  9  0:15  Drone  
  9  0:16  Drone  
  11  0:27  Overlord  
  11  0:34  Drone  
  12  0:45  Drone  
  12  0:46  Drone  
  14  0:55  Drone  
  15  1:30  Hatchery  
  15  1:32  Drone  
  15  1:33  Drone  
  15  1:37  Spawning Pool  
  15  1:43  Drone  
  15  1:45  Drone  
  17  1:48  Extractor  
  16  1:57  Drone  
  17  2:08  Drone  
  18  2:14  Drone  
  19  2:25  Extractor, Queen  
  19  2:29  Overlord  
  21  2:46  Queen  
  21  2:47  Drone  
  21  2:51  Metabolic Boost  
  24  3:05  Hatchery  
  23  3:14  Drone x3  
  23  3:17  Drone  
  23  3:19  Drone  
  28  3:22  Zergling x2  
  28  3:26  Zergling x2  
  30  3:28  Zergling x2  
  31  3:42  Zergling x2  
  30  3:58  Drone  
  30  3:59  Drone, Overlord x2  
  32  4:30  Spore Crawler  
  30  4:32  Spore Crawler  
  28  4:43  Drone x4  
  28  4:44  Drone x9  
  28  4:45  Queen  
  41  4:48  Drone x2  
  41  4:49  Drone  
  45  4:57  Drone x3  
  47  5:04  Spore Crawler  
  46  5:08  Drone x2  
  46  5:09  Drone  
  46  5:13  Drone  
  50  5:20  Zergling x2  
  50  5:21  Zergling x2  
  52  5:27  Overlord  
  52  5:28  Overlord x2  
  52  5:29  Lair  
  52  5:31  Extractor  
  51  5:45  Drone x2  
  51  5:48  Zergling x8  
  51  5:49  Zergling x8  
  61  5:57  Drone x5, Baneling Nest  
  61  6:00  Drone  
  61  6:01  Drone  
  61  6:02  Drone x2  
  69  6:05  Drone  
  69  6:08  Roach Warren  
  69  6:12  Evolution Chamber  
  69  6:13  Evolution Chamber  
  69  6:14  Drone, Spine Crawler  
  69  6:15  Drone x2, Spine Crawler  
  69  6:18  Spine Crawler x2  
  67  6:25  Zergling x2  
  67  6:26  Zergling x8  
  67  6:28  Zergling x2  
  67  6:30  Zergling x4  
  67  6:31  Zergling x4  
  63  6:52  Baneling  
  63  6:53  Baneling x13  
  60  6:54  Zergling x10  
  60  6:55  Zergling x8  
  68  7:23  Extractor x2  
  66  7:33  Hatchery  
  62  7:38  Hatchery  
  62  7:39  Centrifugal Hooks  
  62  7:40  Drone  
  62  7:41  Drone x4, Queen  
  62  7:42  Drone  
  62  7:43  Drone x2  
  71  7:57  Zerg Melee Weapons Level 1, Zerg Ground Armor Level 1  
  69  8:17  Queen  
  70  8:26  Queen  
  70  8:59  Zergling x2  
  70  9:01  Overlord  
  70  9:02  Overlord x9  
  71  9:10  Glial Reconstitution  
  71  9:15  Baneling  
  71  9:16  Baneling x16  
  71  9:19  Queen  
  71  9:20  Hatchery  
  72  9:24  Hatchery  
  72  9:29  Roach x9  
  72  9:31  Hatchery  
  88  9:36  Roach  
  88  9:37  Roach x2  
  94  10:26  Roach  
  94  10:27  Roach x12  
  120  10:34  Roach, Zergling x2  
  123  10:38  Hatchery  
  120  10:56  Roach  
  120  10:57  Roach x6  
  132  11:05  Roach Warren  
  132  11:07  Spore Crawler  
  132  11:08  Spore Crawler  
  82  11:40  Queen x3  
  88  11:59  Drone  
  88  12:00  Drone x8  
  97  12:03  Ravager  
  97  12:04  Ravager x15  
  97  12:06  Roach  
  115  12:15  Drone  
  116  12:16  Drone x5  
  116  12:17  Spore Crawler  
  120  12:25  Hatchery  
  119  12:46  Drone x5  
  119  12:47  Drone x4  
  119  12:48  Extractor  
  119  12:49  Extractor  
  126  13:00  Hatchery  
  126  13:03  Hydralisk Den  
  91  13:30  Roach x5  
  91  13:31  Roach x8  
  85  13:51  Hatchery  
Show
View Real Time Build Order
Export as new Build Order

Altik Protoss - Winner!

Build Orders:  

Get SALT Encoding   

  8  0:00  Probe (Chrono Boost)  
  9  0:12  Probe (Chrono Boost)  
  10  0:19  Probe (Chrono Boost)  
  11  0:27  Probe  
  12  0:33  Pylon  
  12  0:39  Probe  
  13  0:51  Probe  
  14  0:58  Gateway  
  14  1:04  Probe (Chrono Boost)  
  15  1:16  Probe (Chrono Boost)  
  16  1:18  Assimilator  
  16  1:25  Probe (Chrono Boost)  
  17  1:30  Probe  
  18  1:36  Pylon  
  18  1:42  Probe  
  18  1:46  Cybernetics Core  
  19  1:55  Probe  
  20  2:07  Nexus  
  20  2:14  Pylon  
  20  2:16  Probe  
  21  2:27  Assimilator  
  21  2:32  Probe, Adept  
  24  2:44  Probe  
  25  2:54  Warp Gate  
  25  2:56  Probe (Chrono Boost)  
  26  2:58  Pylon  
  26  3:08  Probe (Chrono Boost)  
  27  3:14  Zealot  
  27  3:16  Probe (Chrono Boost)  
  30  3:25  Probe (Chrono Boost)  
  31  3:28  Stargate, Probe (Chrono Boost)  
  32  3:37  Probe (Chrono Boost)  
  32  3:40  Pylon, Probe (Chrono Boost)  
  34  3:43  Probe (Chrono Boost)  
  34  3:55  Probe  
  34  3:57  Probe  
  35  4:05  Twilight Council  
  35  4:07  Gateway  
  35  4:09  Gateway, Pylon  
  35  4:12  Void Ray (Chrono Boost)  
  39  4:18  Probe  
  40  4:25  Probe  
  38  4:39  Charge (Chrono Boost)  
  38  4:43  Probe  
  39  4:52  Probe  
  40  4:53  Zealot  
  42  5:02  Probe  
  42  5:03  Zealot x2  
  42  5:06  Probe  
  48  5:14  Void Ray  
  48  5:20  Nexus  
  52  5:22  Pylon  
  52  5:26  Zealot  
  54  5:33  Zealot  
  54  5:34  Zealot  
  58  5:35  Probe  
  58  5:40  Pylon  
  59  5:46  Pylon, Zealot  
  61  5:54  Zealot  
  61  5:55  Zealot  
  65  5:59  Probe  
  65  6:01  Probe  
  67  6:07  Zealot  
  67  6:10  Zealot  
  67  6:11  Zealot  
  73  6:14  Probe  
  74  6:19  Assimilator  
  74  6:23  Assimilator  
  74  6:25  Robotics Facility, Probe  
  75  6:28  Zealot  
  75  6:55  Zealot x3  
  75  6:56  Void Ray  
  79  7:09  Stalker x3  
  79  7:15  Immortal  
  89  7:17  Probe  
  89  7:20  Shield Battery  
  90  7:23  Pylon  
  90  7:24  Probe  
  90  7:26  Gateway  
  90  7:27  Gateway  
  91  7:41  Void Ray  
  95  7:47  Zealot  
  97  7:51  Pylon  
  97  7:54  Immortal  
  101  7:59  Probe x2  
  93  8:24  Void Ray  
  97  8:29  Stalker  
  97  8:30  Stalker x2  
  95  8:42  Immortal  
  95  8:43  Probe x2  
  95  8:47  Assimilator  
  101  8:48  Assimilator  
  101  9:00  Probe  
  101  9:01  Probe  
  103  9:06  Pylon  
  103  9:07  Forge  
  103  9:08  Probe, Pylon  
  104  9:10  Pylon  
  104  9:11  Forge  
  104  9:12  Probe  
  104  9:13  Probe  
  104  9:14  Zealot x2  
  110  9:24  Zealot x2  
  114  9:31  Pylon, Probe x2  
  114  9:32  Probe  
  114  9:33  Pylon  
  117  9:38  Void Ray  
  117  9:43  Photon Cannon, Probe x2  
  123  9:46  Photon Cannon  
  123  9:48  Protoss Ground Weapons Level 1  
  123  9:50  Templar Archives  
  123  9:51  Photon Cannon  
  123  10:06  Zealot x4  
  131  10:13  Probe x2  
  131  10:14  Probe  
  134  10:19  Protoss Air Weapons Level 1 (Chrono Boost)  
  134  10:22  Stargate  
  134  10:27  Immortal  
  134  10:28  Stalker x2  
  142  10:54  Probe x3  
  145  11:05  Void Ray  
  145  11:10  Immortal  
  137  11:18  Probe x3  
  123  11:24  Pylon  
  115  11:36  Zealot x5  
  125  11:44  Void Ray  
  125  11:48  Void Ray  
  125  11:49  Immortal  
  133  11:58  Probe x2  
  135  12:15  Zealot x5  
  145  12:20  Pylon x2  
  145  12:26  Gateway  
  145  12:28  Immortal  
  149  12:32  Gateway  
  149  12:33  Gateway  
  149  12:34  Gateway  
  149  12:35  Robotics Bay  
  149  12:36  Void Ray, Nexus  
  153  12:47  High Templar x5  
  163  12:53  Archon x2  
  163  12:58  Void Ray  
  139  13:43  Zealot x5  
Tags
 
Add a new tag
Caveats
  • Supply blocks, unpowered buildings, or Contaminate may cause inaccurate times.
  • Supply counts are checked every 10 seconds.